 Dungeon Crawl Stone Soup version 0.22.1-2-g9c5b331 (webtiles) character file.

69 Gadfly the Conjurer (level 4, -3/35 HPs)
             Began as a Draconian Conjurer on Jan 2, 2019.
             Was an Initiate of the Shining One.
             Slain by Sigmund
             ... wielding a +0 scythe
              (12 damage)
             ... on level 2 of the Dungeon.
             The game lasted 00:04:41 (1957 turns).

Gadfly the Conjurer (Draconian Conjurer)            Turns: 1957, Time: 00:04:42

Health: -3/35      AC:  5    Str:  9 (10) XL:     4   Next: 2%
Magic:  1/8        EV: 12    Int: 15 (17) God:    the Shining One [......]
Gold:   72         SH:  0    Dex:  9 (11) Spells: 5/8 levels left

rFire    . . .     SeeInvis .   m - +0 spear
rCold    . . .     Gourm    .   (no shield)
rNeg     . . .     Faith    .   (armour unavailable)
rPois    .         Spirit   .   (helmet restricted)
rElec    .         Reflect  .   (no cloak)
rCorr    .         Harm     .   (no gloves)
MR       .....                  (no boots)
Stlth    +.........             (no amulet)
HPRegen  0.11/turn              (no ring)
MPRegen  0.11/turn              (no ring)

@: glowing
A: unfitting armour, cold-blooded, AC +5
a: Renounce Religion


You were on level 2 of the Dungeon.
You worshipped the Shining One.
The Shining One was noncommittal.
You were not hungry.

You visited 1 branch of the dungeon, and saw 2 of its levels.

You collected 72 gold pieces.

Inventory:

Hand Weapons
 m - a +0 spear (weapon)
Scrolls
 d - 3 scrolls of identify
 e - a scroll of blinking {unknown}
 g - a scroll of noise {unknown}
 h - 2 scrolls of remove curse {unknown}
 i - 2 scrolls of random uselessness {unknown}
 j - 3 scrolls of fog {unknown}
 l - 2 scrolls of enchant weapon {unknown}
Potions
 a - a potion of haste {unknown}
 c - a potion of curing
Comestibles
 b - 4 rations
 k - a chunk of flesh


   Skills:
 + Level 1.6 Fighting
 + Level 2.3 Dodging
 - Level 1.7 Stealth
 * Level 2.9 Spellcasting
 + Level 4.3 Conjurations


You had 5 spell levels left.
You knew the following spells:

 Your Spells              Type           Power        Failure   Level  Hunger
a - Magic Dart            Conj           ###.         3%          1    #......
b - Searing Ray           Conj           ###...       4%          2    ##.....

Your spell library contained the following spells:

 Spells                   Type           Power        Failure   Level  Hunger
 Dazzling Spray           Conj/Hex       #.....       26%         3    ###....
 Iskenderun's Mystic Bla  Conj           ###.....     32%         4    #####..
 Force Lance              Conj/Tloc      #.......     63%         4    #####..
 Fulminant Prism          Conj/Hex       #.........   63%         4    #####..


Dungeon Overview and Level Annotations

Branches:
Dungeon (2/15)

Altars:
Ashenzari
Nemelex Xobeh
Ru
Xom
The Shining One

Annotations:
D:2 Sigmund


Innate Abilities, Weirdness & Mutations

Your plain brown scales are hard. (AC +5)
You cannot fit into any form of body armour.
You are cold-blooded and may be slowed by cold attacks.


Message History

You are too injured to fight recklessly!
You are too injured to fight recklessly!
Firing (i - inventory) No suitable missiles.
Press: ? - help, Shift-Dir - straight line, f/p - Sigmund
Aim: Sigmund, wielding a scythe and wearing a robe (almost dead)
Okay, then.
You closely miss Sigmund.
You tail-slap Sigmund, but do no damage.
Sigmund is almost dead.
Sigmund points at you and mumbles some strange words.
The magic dart hits you!
You hit Sigmund.
Sigmund is almost dead.
Sigmund casts a spell at you. The puff of flame hits you!
* * * LOW HITPOINT WARNING * * *
You hit Sigmund.
Sigmund is almost dead.
Sigmund hits you with a scythe!
You die...

##.###########.....
####................
##..##...............
#....#.......########
#_.⌠.##.######
#.?...#.# #....#.#
#8@..'.# ##(.@.###
#..!..# #_.⌠?##
#.)..# ##..## ###


You could see Sigmund.

Vanquished Creatures
  An adder (D:2)
  2 oozes (D:1)
  A worm (D:2)
  2 dart slugs (D:2)
  2 leopard geckos (D:1)
  2 giant cockroaches (D:1)
  6 goblins
  5 hobgoblins
  3 jackals (D:1)
  3 bats
  4 frilled lizards
  7 kobolds
  4 rats
42 creatures vanquished.

Notes
Turn   | Place    | Note
-------+----------+-------------------------------------------
     0 | D:1      | Gadfly the Draconian Conjurer began the quest for the Orb.
     0 | D:1      | Reached XP level 1. HP: 14/14 MP: 3/3
   343 | D:1      | Reached XP level 2. HP: 11/22 MP: 0/5
   391 | D:1      | Learned a level 2 spell: Searing Ray
   628 | D:1      | Reached skill level 1 in Fighting
   840 | D:1      | Reached XP level 3. HP: 22/28 MP: 3/6
  1436 | D:1      | Found a glowing golden altar of the Shining One.
  1438 | D:1      | Found a glowing golden altar of the Shining One.
  1438 | D:1      | Found a hazy altar of Hepliaklqana.
  1440 | D:1      | Found a white marble altar of Elyvilon.
  1440 | D:1      | Found a burning altar of Makhleb.
  1440 | D:1      | Found a shimmering altar of Xom.
  1513 | D:2      | Found a glowing golden altar of the Shining One.
  1533 | D:2      | Found a sacrificial altar of Ru.
  1535 | D:2      | Became a worshipper of the Shining One
  1938 | D:2      | Found a shattered altar of Ashenzari.
  1939 | D:2      | Found a sparkling altar of Nemelex Xobeh.
  1939 | D:2      | Noticed Sigmund
  1945 | D:2      | Reached XP level 4. HP: 24/35 MP: 8/8
  1957 | D:2      | Slain by Sigmund

Skill      XL: |  1  2 |
---------------+-------+-----
Dodging        | 2 |  2.3
Fighting       | 1 |  1.6
Stealth        | |  1.7
Spellcasting   | |  2.9
Conjurations   | |  4.3

Action                   |  1- 3 |  4- 6 || total
-------------------------+-------+-------++-------
Melee: Mace              |   104 |       ||   104
       Tailslap          |    14 |     1 ||    15
       Spear             |    34 |     3 ||    37
 Cast: Magic Dart        |     9 |       ||     9
       Searing Ray       |     2 |     2 ||     4
  Use: Potion            |     3 |     1 ||     4
       Scroll            |     1 |       ||     1
  Eat: Chunk             |     4 |       ||     4
Armor: Skin              |    39 |       ||    39
Dodge: Dodged            |   125 |     5 ||   130
